 Dungeon Crawl Stone Soup version 0.28.0 (webtiles) character file.

Game seed: 17019998794877234066

229222 MercyWheel the Warrior (level 19, -8/271 HPs)
             Began as an Ogre Transmuter on Apr 24, 2022.
             Was an Elder of Okawaru.
             Mangled by an emperor scorpion (18 damage)
             ... on level 4 of the Spider Nest on Apr 27, 2022.
             The game lasted 03:07:50 (50711 turns).

MercyWheel the Warrior (Ogre Transmuter)           Turns: 50711, Time: 03:07:51

Health: -8/271     AC: 18    Str: 12 (17) XL:     19   Next: 83%
Magic:  28/28      EV:  6    Int: 25      God:    Okawaru [****..]
Gold:   3372       SH:  0    Dex: 13      Spells: 17/30 levels left

rFire   + + +      SeeInvis .     - Unarmed
rCold   + . .      Faith    .   a - +3 tower shield
rNeg    + + .      Spirit   .   (armour currently unavailable)
rPois   ∞          Reflect  .   S - +0 hat {Int+3}
rElec   +          Harm     .   y - scarf {rC+ rF+}
rCorr   .          Rampage  .   (gloves unavailable)
Will    +....                   (boots unavailable)
Stlth   +++.......              b - amulet of the acrobat
HPRegen 0.55/turn               j - ring "Caryuvucw" {Wiz rF+ Str-2 Slay+3 Stlth+}
MPRegen 0.21/turn               k - ring of Thoughtfulness {Contam rElec rF++ rN+ Int+6 Stlth+}

@: about to teleport, statue-form, corroded, held, very slow
A: slow and powerful, torment resistance 1, boosted hp, large, unfitting armour,
(tough skin 1), mutation resistance 1, electricity resistance, MP-powered wands
a: End Transformation, Renounce Religion, Heroism, Finesse


You were on level 4 of the Spider Nest.
You worshipped Okawaru.
Okawaru was greatly pleased with you.
You were a living statue of rough stone.
You visited 6 branches of the dungeon, and saw 31 of its levels.
You visited the Abyss 1 time.
You also visited: Ice Cave.

You collected 5427 gold pieces.
You spent 2055 gold pieces at shops.

Inventory:

Missiles
 d - 5 datura-tipped darts
 l - 11 silver boomerangs
 n - 14 curare-tipped darts
 D - 8 atropa-tipped darts
 E - 11 javelins
 F - 25 large rocks (quivered)
Armour
 a - a +3 tower shield (worn)
 i - the +18 shield of the Gong {rElec rN+ Will+ EV-5}
   (You found it on level 6 of the Lair of Beasts)

   It is deafeningly noisy when blocking attacks.
   EV:        It affects your evasion (-5).
   rElec:     It insulates you from electricity.
   rN:        It protects you from negative energy.
   Will:      It increases your willpower.
 r - a +1 robe of cold resistance
 y - a scarf of resistance (worn)
 Q - a scarf of shadows
 R - a +2 robe of willpower (melded)
 S - a +0 hat of intelligence (worn)
Jewellery
 b - an amulet of the acrobat (around neck)
 j - the ring "Caryuvucw" (left fist) {Wiz rF+ Str-2 Slay+3 Stlth+}
   (You bought it in a shop on level 2 of the Orcish Mines)

   [ring of wizardry]

   It improves your spell success rate.
   Str:       It affects your strength (-2).
   Slay:      It affects your accuracy & damage with ranged weapons and melee
   (+3).
   rF:        It protects you from fire.
   Stlth:     It makes you more stealthy.
 k - the ring of Thoughtfulness (right fist) {Contam rElec rF++ rN+ Int+6 Stlth+}
   (You took it off a deep elf master archer on level 3 of the Elven Halls)

   [ring of intelligence]

   Int:       It affects your intelligence (+6).
   rF:        It greatly protects you from fire.
   rElec:     It insulates you from electricity.
   rN:        It protects you from negative energy.
   Contam:    It causes magical contamination when unequipped.
   Stlth:     It makes you more stealthy.
 o - a +4 ring of protection
 G - a +4 ring of evasion
 N - a ring of wizardry
 O - a ring of magical power
 P - a ring of protection from cold
 Y - a ring of see invisible
 Z - a ring of protection from fire
Wands
 m - a wand of flame (62)
 w - a wand of digging (11)
 x - a wand of iceblast (9)
 A - a wand of polymorph (6)
 H - a wand of paralysis (3)
 V - a wand of mindburst (18)
 W - a wand of acid (8)
Scrolls
 c - 8 scrolls of immolation
 e - 11 scrolls of identify
 g - 2 scrolls of holy word
 h - 3 scrolls of enchant weapon
 q - 6 scrolls of magic mapping
 C - 5 scrolls of teleportation
 I - a scroll of fog
 L - a scroll of silence
 T - 4 scrolls of blinking
Potions
 f - 2 potions of heal wounds
 p - 3 potions of curing
 s - 3 potions of magic
 t - 6 potions of cancellation
 u - 8 potions of lignification
 v - 10 potions of ambrosia
 z - 2 potions of invisibility
 B - 3 potions of haste
 J - 3 potions of flight
 K - 3 potions of might
 M - 4 potions of mutation
 U - 2 potions of attraction
 X - 2 potions of berserk rage


   Skills:
 - Level 17.0 Fighting
 + Level 9.4 Throwing
 - Level 9.0 Dodging
 - Level 15.0 Shields
 - Level 16.0 Unarmed Combat
 - Level 6.0 Spellcasting
 - Level 2.1 Conjurations
 - Level 12.2 Transmutations
 - Level 4.0 Ice Magic
 - Level 8.4 Earth Magic
 - Level 1.1 Poison Magic
 - Level 10.2 Invocations
 - Level 3.0 Evocations


You had 17 spell levels left.
You knew the following spells:

 Your Spells              Type           Power      Damage    Failure   Level
b - Spider Form           Tmut/Pois      41%        N/A       1%          3
c - Ice Form              Ice/Tmut       48%        N/A       2%          4
d - Statue Form           Tmut/Erth      37%        N/A       17%         6

Your spell library contained the following spells:

 Spells                   Type           Power      Damage    Failure   Level
 Beastly Appendage        Tmut           100%       N/A       1%          1
 Sandblast                Erth           98%        2d20      1%          1
 Passwall                 Tmut/Erth      46%        N/A       1%          2
 Wereblood                Tmut           62%        N/A       1%          2
 Petrify                  Tmut/Erth      56%        N/A       1%          4
 Blade Hands              Tmut           31%        N/A       1%          5
 Stone Arrow              Conj/Erth      66%        3d11      2%          3
 Shock                    Conj/Air       48%        1d6       5%          1
 Lee's Rapid Deconstruct  Erth           24%        3d14*     7%          5
 Poisonous Vapours        Pois/Air       20%        N/A       10%         2
 Corpse Rot               Necr/Air       14%        N/A       12%         2
 Sublimation of Blood     Necr           7%         N/A       12%         2
 Irradiate                Conj/Tmut      21%        3d21      12%         5
 Leda's Liquefaction      Hex/Erth       14%        N/A       14%         4
 Alistair's Intoxication  Tmut/Pois      27%        N/A       14%         5
 Hailstorm                Conj/Ice       22%        3d7       22%         4
 Borgnjor's Vile Clutch   Necr/Erth      14%        N/A       36%         5
 Fulminant Prism          Conj/Hex       6%         3d7       45%         4
 Iskenderun's Mystic Bla  Conj/Tloc      12%        2d5       45%         4
 Eringya's Noxious Bog    Tmut/Pois      20%        N/A       58%         6
 Metabolic Englaciation   Hex/Ice        8%         N/A       65%         5
 Iron Shot                Conj/Erth      16%        9d4       77%         6
 Storm Form               Tmut/Air       19%        N/A       99%         7
 Maxwell's Capacitive Co  Air            3%         ∞         100%        8
 Chain Lightning          Conj/Air       6%         3d8       100%        9
 Animate Armour           Summ/Erth      Unusable   N/A       N/A         4
 Summon Lightning Spire   Summ/Air       Unusable   N/A       N/A         4
 Simulacrum               Ice/Necr       Unusable   N/A       N/A         6

Dungeon Overview and Level Annotations

Branches:
Dungeon (15/15)            Temple (1/1) D:4            Lair (6/6) D:8
 Shoals (0/4) Lair:2       Spider (4/4) Lair:2        Slime (0/5) Lair:5
    Orc (2/2) D:9             Elf (3/3) Orc:2        Vaults (0/5) D:13
 Depths (0/4) D:15          IceCv (visited)

Altars:
Ashenzari
Cheibriados
Dithmenos
Elyvilon
Fedhas
Gozag
Hepliaklqana
Kikubaaqudgha
Makhleb
Nemelex Xobeh
Okawaru
Qazlal
Ru
Sif Muna
Trog
Uskayaw
Vehumet
Wu Jian
Xom
Yredelemnul
Zin
The Shining One
Beogh

Shops:
D:12 *   D:15 (!   Orc:2 (!??(=([   Elf:2 (   Elf:3 !

Annotations:
D:1 1 runed translucent door
Lair:1 2 transporters, 1 runed translucent door, arghonaut's ghost, journeyman MfGl
Lair:3 exclusion: downstairs
Lair:5 exclusion: oklob plant


Innate Abilities, Weirdness & Mutations

You are a living statue of rough stone.
Your actions are slow, but your melee attacks are powerful.
You are resistant to unholy torment.
Your maximum health is greatly increased.
You are immune to poison.
Your equipment is partially melded.
You are too large for most types of armour.
((You have tough skin. (AC +1)))
You are somewhat resistant to further mutation.
You are resistant to electric shocks. (rElec)
You expend magic power (3 MP) to strengthen your wands.


Message History

* * * LOW HITPOINT WARNING * * *
You block the redback's attack. You block the tarantella's attack.
The broodmother bites you!
* * * LOW HITPOINT WARNING * * *
The jumping spider pounces on you but does no damage.
The jumping spider closely misses you.
The jorogumo stares at you and mumbles some strange words.
The stream of webbing misses you.
The stream of webbing hits the emperor scorpion but does no damage.
The jumping spider leaps!
The redback barely misses you.
As you read the scroll of teleportation, it crumbles to dust.
You feel strangely unstable. You block the tarantella's attack.
You block the jumping spider's attack. x2; The jorogumo barely misses you.
The tarantella touches you!
* * * LOW HITPOINT WARNING * * *
The jumping spider barely misses you. x2
The emperor scorpion stings you but does no damage.
The emperor scorpion claws you but does no damage.
You block the emperor scorpion's attack.
The redback barely misses you.
The tarantella touches you but does no damage.
The jorogumo closely misses you.
Unknown command.
Unknown command.
You hit the redback.
The redback is lightly wounded.
The jumping spider pounces on you.
* * * LOW HITPOINT WARNING * * *
You are caught in a web!
The jumping spider bites you but does no damage.
The jumping spider leaps!
The emperor scorpion stings you but does no damage.
The emperor scorpion claws you but does no damage. x2
The broodmother bites you!!
* * * LOW HITPOINT WARNING * * *
The tarantella touches you but does no damage.
The jumping spider leaps!
The jorogumo hits you!
* * * LOW HITPOINT WARNING * * *
The emperor scorpion stings you!!
You die...

###.###..##.....##...^#.#≈..
#.#≈......................
........##.....##...^......
.........##...##^....≈≈≈...
..........###.###.^...≈≈≈≈≈.
....^.^...^≈#^#^^.....^≈≈^..
.###'###...............≈....
... ###Hs○....s○........≈ ..
#s8s†...#.#........
##sss^###.###^...≈#
#...^##...##≈....#
#....'...##.....##..^##
#^^...#...............#
..^..##...##.....##^###
^...^ .....##...##..≈# ![.#
#.....###.###..## ###
(...... #^# ^###


You could see a broodmother, an emperor scorpion, a jorogumo, a culicivora
(summoned), 2 jumping spiders, a tarantella (summoned) and a redback (summoned).

Vanquished Creatures
  Mara (Elf:3)
  An ancient lich (Abyss:2)
  Arachne (Spider:3)
  Jorgrun (D:12)
  Rupert (Spider:1)
  2 deep elf blademasters
  2 deep elf master archers (Elf:3)
  Gastronok (D:10)
  Agnes (Arena)
  The ghost of DullName the Severer, an adept MiBe of Trog (Spider:2)
  3 sphinxes (Elf:1)
  Donald (Spider:3)
  2 tentacled starspawn (Abyss:2)
  4 emperor scorpions
  Roxanne (Spider:4)
  2 deep elf sorcerers (Elf:3)
  2 ghost moths (Spider:3)
  A deep elf elementalist (Elf:3)
  3 broodmothers
  A reaper (IceCv)
  6 deep elf annihilators (Elf:3)
  3 entropy weavers
  6 deep elf demonologists
  A dire elephant (D:15)
  2 deep elf death magi (Elf:3)
  A blizzard demon (D:13)
  A fire dragon (Elf:1)
  A deep elf high priest (Elf:3)
  Harold (Orc:1)
  4 vault guards (D:13)
  Erolcha (Orc:2)
  4 centaur warriors
  2 radroaches
  22 hydras
  3 ogre magi
  A boulder beetle (Lair:3)
  2 catoblepae (Lair:6)
  21 death yaks
  Erica (D:10)
  9 two-headed ogres
  A deep troll shaman (Lair:6)
  A jorogumo (Spider:4)
  The ghost of ultrashaft the Impaler, a novice MfIE of Gozag (D:9)
  The ghost of Host24 the Quickloader, a journeyman KoHu of Okawaru (D:9)
  24 dancing weapons
  4 tengu warriors
  An orc high priest (Orc:2)
  Nergalle (Orc:2)
  A wretched star (Abyss:2)
  14 deep elf knights
  A sun moth (Spider:4)
  6 pharaoh ants
  11 orb spiders
  13 starcursed masses (Abyss:2)
  9 steelbarb worms
  A deep troll (Orc:1)
  An orange crystal statue (D:11)
  11 deep elf archers
  A lindwurm (shapeshifter) (Elf:2)
  4 harpies (Elf:1)
  29 deep elf pyromancers
  33 deep elf zephyrmancers
  An orc knight (Orc:1)
  11 ugly things
  10 orc sorcerers
  23 wolf spiders
  3 manticores
  3 moths of wrath
  4 cyclopes
  3 ice statues
  20 elephants
  Joseph (D:10)
  A black mamba (shapeshifter) (Elf:3)
  10 cane toads
  A gargoyle (D:12)
  9 black mambas
  7 torpor snails
  3 demonic crawlers
  An unseen horror (shapeshifter) (Elf:3)
  An unseen horror (D:11)
  A komodo dragon (shapeshifter) (D:15)
  A kobold demonologist (D:11)
  2 efreet
  3 anaconda simulacra (IceCv)
  6 freezing wraiths
  An ancient zyme (Abyss:2)
  4 entropy weaver simulacra (IceCv)
  8 komodo dragons
  13 ice devils
  4 polar bears
  A queen bee (Spider:3)
  A wind drake (shapeshifter) (D:13)
  11 meliai
  28 tarantellas
  2 trolls
  20 slime creatures
  A tarantella (shapeshifter) (Elf:1)
  A snapping turtle (Lair:2)
  7 dream sheep (Lair:4)
  A raiju (shapeshifter) (Elf:1)
  16 blink frogs
  24 culicivoras
  Sigmund (D:2)
  30 jumping spiders
  6 wyverns
  2 air elementals (Elf:1)
  62 yaks
  3 wraiths
  2 vampires
  A dire elephant simulacrum (IceCv)
  7 basilisks
  2 water elementals
  6 vampire mosquitoes
  3 large abominations (Abyss:2)
  8 humans (D:13)
  Eustachio (D:4)
  24 redbacks
  2 wargs
  A demonspawn zombie (Abyss:2)
  2 harpy simulacra (IceCv)
  2 hell hounds (Elf:1)
  18 water moccasins
  7 ice beasts
  20 ogres
  15 orc warriors
  8 black bears
  26 wolves
  6 centaurs
  2 phantoms
  2 kobold brigands
  7 bullfrogs
  5 scorpions
  2 gnoll sergeants
  A wyvern zombie (D:6)
  3 earth elementals
  2 two-headed ogre simulacra (IceCv)
  A water moccasin zombie (D:5)
  2 water moccasin skeletons (D:4)
  30 killer bees
  13 wights
  An electric eel (Lair:3)
  A howler monkey (D:6)
  2 bullfrog zombies (D:6)
  A centaur zombie (D:8)
  An iron imp (Abyss:2)
  2 jellies
  6 hounds
  15 orc priests
  Crazy Yiuf (D:2)
  Ijyb (D:5)
  Terence (D:3)
  3 iguanas
  39 orc wizards
  2 killer bee zombies
  A hound zombie (D:5)
  9 gnolls
  A howler monkey zombie (D:9)
  5 adders
  3 shadow imps
  4 white imps
  An ufetubus (D:4)
  4 dart slugs
  75 orcs
  5 endoplasms
  A giant cockroach (D:1)
  7 goblins
  6 hobgoblins
  6 jackals
  4 quokkas
  5 ball pythons
  5 bats
  3 frilled lizards
  22 kobolds
  4 rats
1143 creatures vanquished.

Vanquished Creatures (others)
  A deep elf archer (Elf:3)
  A deep elf zephyrmancer (Elf:3)
  An unseen horror (D:11)
  An ice devil (D:13)
  2 culicivoras (Spider:4)
  2 redbacks
  An orc wizard (Orc:2)
  38 fungi
  101 plants
  3 starspawn tentacles (Abyss:2)
151 creatures vanquished.

Grand Total: 1294 creatures vanquished

Notes
Turn   | Place    | Note
-------+----------+-------------------------------------------
     0 | D:1      | MercyWheel the Ogre Transmuter began the quest for the Orb.
     0 | D:1      | Reached XP level 1. HP: 19/19 MP: 3/3
     0 | D:1      | Noticed a jelly
     2 | D:1      | Found a runed translucent door.
   231 | D:1      | Reached XP level 2. HP: 27/27 MP: 3/5
   823 | D:2      | Reached XP level 3. HP: 27/33 MP: 4/6
   827 | D:2      | Learned a level 3 spell: Spider Form
   866 | D:2      | Found a faded altar of an unknown god.
   875 | D:2      | Reached skill level 1 in Poison Magic
  1344 | D:2      | Reached XP level 4. HP: 32/42 MP: 5/7
  1351 | D:2      | Reached skill level 2 in Fighting
  1415 | D:2      | Noticed Sigmund
  1436 | D:2      | Killed Sigmund
  1437 | D:2      | Reached XP level 5. HP: 17/49 MP: 2/11
  1437 | D:2      | Reached XP level 6. HP: 20/57 MP: 2/12
  1978 | D:2      | Found a runed translucent door.
  1979 | D:2      | Noticed Crazy Yiuf
  1987 | D:2      | Killed Crazy Yiuf
  2274 | D:3      | Noticed Terence
  2288 | D:3      | Killed Terence
  2433 | D:3      | Found a broken altar of Ashenzari.
  2439 | D:3      | Saw a vision of the Shoals and the Spider Nest.
  2439 | D:3      | Noticed a merfolk
  2439 | D:3      | Noticed a wind drake
  2439 | D:3      | Noticed a wind drake
  2439 | D:3      | Noticed a merfolk
  2439 | D:3      | Noticed a merfolk siren
  2439 | D:3      | Noticed a merfolk siren
  2439 | D:3      | Noticed a merfolk
  2439 | D:3      | Noticed a redback
  2439 | D:3      | Noticed a redback
  2439 | D:3      | Noticed a sea snake
  2440 | D:3      | Noticed a hornet
  2441 | D:3      | Noticed a wolf spider
  2831 | D:4      | Found a staircase to the Ecumenical Temple.
  2840 | Temple   | Entered the Ecumenical Temple
  2927 | Temple   | Became a worshipper of Warmaster Okawaru
  3088 | D:4      | Found a burning altar of Makhleb.
  3132 | D:4      | Reached skill level 3 in Fighting
  3144 | D:4      | Reached XP level 7. HP: 41/67 MP: 11/13
  3449 | D:4      | Reached skill level 5 in Transmutations
  3455 | D:4      | Learned a level 4 spell: Ice Form
  3642 | D:4      | Reached skill level 1 in Ice Magic
  3879 | D:4      | Reached skill level 5 in Spellcasting
  3945 | D:4      | Noticed Eustachio
  3959 | D:4      | Killed Eustachio
  3959 | D:4      | Reached * piety under Okawaru
  3960 | D:4      | Reached XP level 8. HP: 67/75 MP: 12/15
  4527 | D:5      | Entered Level 5 of the Dungeon
  4944 | D:5      | Noticed Ijyb
  4961 | D:5      | Killed Ijyb
  4962 | D:5      | Reached skill level 4 in Fighting
  4965 | D:5      | Reached skill level 5 in Fighting
  5280 | D:5      | Found a sacrificial altar of Ru.
  5282 | D:5      | Found a glowing golden altar of the Shining One.
  5517 | D:5      | Reached XP level 9. HP: 88/88 MP: 11/16
  5613 | D:5      | Reached ** piety under Okawaru
  5614 | D:5      | Reached skill level 5 in Unarmed Combat
  6279 | D:6      | Reached skill level 1 in Invocations
  7250 | D:7      | Found a snail-covered altar of Cheibriados.
  7257 | D:7      | Found a shimmering altar of Xom.
  7296 | D:7      | Found a shimmering blue altar of Sif Muna.
  7431 | D:7      | Reached skill level 6 in Fighting
  7477 | D:7      | Reached *** piety under Okawaru
  7696 | D:7      | Found a white marble altar of Elyvilon.
  7810 | D:7      | Found an ornate altar of the Wu Jian Council.
  7869 | D:7      | Reached skill level 1 in Throwing
  8095 | D:7      | Reached skill level 7 in Fighting
  8280 | D:7      | Reached XP level 10. HP: 102/102 MP: 13/17
  8441 | D:7      | Found a radiant altar of Vehumet.
  8544 | D:8      | Reached skill level 8 in Fighting
  8575 | D:8      | Reached **** piety under Okawaru
  9223 | D:7      | Reached skill level 9 in Fighting
  9541 | D:8      | Found an ancient bone altar of Kikubaaqudgha.
  9541 | D:8      | Noticed a two-headed ogre
  9557 | D:8      | Killed a two-headed ogre
  9557 | D:8      | Reached ***** piety under Okawaru
  9671 | D:8      | Found a staircase to the Lair.
  9850 | D:8      | Reached XP level 11. HP: 115/115 MP: 13/18
  9852 | D:8      | Received a gift from Okawaru
  9986 | D:8      | Found a shadowy altar of Dithmenos.
 10032 | Lair:1   | Entered Level 1 of the Lair of Beasts
 10195 | Lair:1   | Identified the +5 hand axe "Xuetaf" {vorpal, rElec rPois
                  | rF+}
 10205 | Lair:1   | Noticed arghonaut's ghost (journeyman MfGl)
 10323 | Lair:1   | Found a transporter.
 10325 | Lair:1   | Found a transporter.
 10382 | Lair:1   | Reached skill level 5 in Invocations
 10814 | Lair:1   | Noticed a five-headed hydra
 10820 | Lair:1   | Killed a five-headed hydra
 10820 | Lair:1   | Identified the +1 robe of Tiub {+Inv Regen+ rCorr Stlth-}
                  | (Okawaru gifted it to you on level 1 of the Lair of Beasts)
 10820 | Lair:1   | Received a gift from Okawaru
 10821 | Lair:1   | Reached skill level 10 in Fighting
 11326 | Lair:1   | Noticed a five-headed hydra
 11345 | Lair:1   | Killed a five-headed hydra
 11581 | Lair:1   | Found a runed translucent door.
 11894 | Lair:2   | Reached skill level 5 in Throwing
 11984 | Lair:2   | Reached skill level 5 in Dodging
 12261 | Lair:2   | Found a hole to the Spider Nest.
 12351 | Lair:2   | Noticed an eight-headed hydra
 12359 | Lair:2   | Killed an eight-headed hydra
 12360 | Lair:2   | Reached skill level 10 in Unarmed Combat
 12604 | Lair:2   | Reached XP level 12. HP: 108/126 MP: 16/19
 12710 | Lair:2   | Found a staircase to the Shoals.
 13013 | Lair:3   | Reached skill level 11 in Fighting
 13068 | Lair:3   | Noticed an eight-headed hydra
 13076 | Lair:3   | Killed an eight-headed hydra
 13190 | Lair:3   | Reached skill level 12 in Fighting
 13293 | Lair:3   | Noticed a boulder beetle
 13432 | Lair:3   | Killed a boulder beetle
 13598 | Lair:3   | Received a gift from Okawaru
 13688 | Lair:3   | You fall into a shaft and drop 1 floor!
 13688 | Lair:4   | Noticed a four-headed hydra
 14262 | Lair:4   | Found a frozen archway.
 14298 | IceCv    | Entered an ice cave
 14720 | IceCv    | Received a gift from Okawaru
 14721 | IceCv    | Reached skill level 1 in Evocations
 14840 | IceCv    | Reached XP level 13. HP: 114/141 MP: 17/20
 14918 | IceCv    | Received a gift from Okawaru
 15019 | IceCv    | Reached skill level 13 in Fighting
 15082 | IceCv    | Noticed a reaper
 15094 | IceCv    | Killed a reaper
 16832 | D:9      | Found a staircase to the Orcish Mines.
 16842 | Orc:1    | Entered Level 1 of the Orcish Mines
 16865 | Orc:1    | Reached ****** piety under Okawaru
 17111 | Orc:2    | Entered Level 2 of the Orcish Mines
 17307 | Orc:1    | HP: 6/172 [two-headed ogre (10)]
 17496 | Orc:2    | Received a gift from Okawaru
 17918 | Orc:2    | Found a staircase to the Elven Halls.
 17920 | Orc:2    | Found Puoxt's Magic Scroll Shop.
 18237 | Orc:1    | Reached XP level 14. HP: 152/153 MP: 18/21
 18335 | Orc:2    | Noticed Erolcha
 18614 | Orc:2    | Found Inwesch's Antique Weapon Shop.
 18670 | Orc:2    | Found Homenask's Distillery.
 18678 | Orc:2    | Bought a potion of heal wounds for 90 gold pieces
 18678 | Orc:2    | Bought a potion of heal wounds for 90 gold pieces
 18722 | Orc:2    | Found Qeiph's Weapon Shop.
 18872 | Orc:2    | Found Ogoceq's Magic Scroll Boutique.
 18879 | Orc:2    | Bought a scroll of identify for 28 gold pieces
 18879 | Orc:2    | Bought a scroll of identify for 28 gold pieces
 18879 | Orc:2    | Bought a scroll of identify for 28 gold pieces
 18904 | Orc:2    | Found a radiant altar of Vehumet.
 18911 | Orc:2    | Killed Erolcha
 18912 | Orc:2    | Reached skill level 10 in Transmutations
 18955 | Orc:2    | Paralysed by an ogre mage for 6 turns
 18988 | Orc:2    | Noticed Nergalle
 19088 | Orc:1    | Identified a scroll of acquirement
 19088 | Orc:1    | Acquired 911 gold pieces
 19275 | Orc:2    | Found an ancient bone altar of Kikubaaqudgha.
 19284 | Orc:2    | Killed Nergalle
 19307 | Orc:2    | Found Patoalur's Jewellery Boutique.
 19486 | Orc:2    | Paralysed by an orc sorcerer for 2 turns
 20126 | Orc:2    | Found Hujoch's Antique Weapon Shop.
 20157 | Orc:2    | Found Xaomolurr's Antique Armour Shop.
 20177 | Orc:2    | Bought the ring "Caryuvucw" {Wiz rF+ Str-2 Slay+3 Stlth+}
                  | for 662 gold pieces
 20178 | Orc:2    | Bought a +4 ring of protection for 432 gold pieces
 20468 | Orc:1    | Noticed Harold
 20478 | Orc:1    | Killed Harold
 20552 | Orc:1    | Received a gift from Okawaru
 21197 | D:9      | Found a runed translucent gate.
 21197 | D:9      | Found a runed translucent gate.
 21198 | D:9      | Found a runed translucent gate.
 21236 | D:9      | Noticed Host24's ghost (journeyman KoHu)
 21237 | D:9      | Noticed ultrashaft's ghost (novice MfIE)
 21669 | D:10     | Entered Level 10 of the Dungeon
 21861 | D:10     | Noticed Erica
 21871 | D:10     | Killed Erica
 21871 | D:10     | Received a gift from Okawaru
 22077 | D:10     | Noticed Joseph
 22096 | D:10     | Killed Joseph
 22501 | D:10     | Noticed Gastronok
 22525 | D:10     | Killed Gastronok
 22526 | D:10     | Reached skill level 1 in Earth Magic
 22816 | D:10     | Learned a level 6 spell: Statue Form
 24782 | Lair:4   | Reached skill level 5 in Earth Magic
 25092 | Lair:4   | Received a gift from Okawaru
 25898 | Lair:5   | Received a gift from Okawaru
 25930 | Lair:5   | Reached XP level 15. HP: 161/161 MP: 24/24
 25968 | Lair:5   | Identified the +4 spear "Ahic" {pain, rN+ Dex+4}
 26071 | Lair:5   | Identified the +9 quarterstaff of Gozag's Envy {holy,
                  | Dex+4}
 26473 | Lair:5   | Identified the +3 dagger of the Skies Above {flame, rF+
                  | MP+9}
 26521 | Lair:5   | Found a staircase to the Slime Pits.
 26990 | Lair:6   | Entered Level 6 of the Lair of Beasts
 27057 | Lair:6   | Identified the +3 triple crossbow "Jiowojyt" {penet, Will+}
                  | (Okawaru gifted it to you on level 6 of the Lair of Beasts)
 27057 | Lair:6   | Received a gift from Okawaru
 27388 | Lair:6   | Reached skill level 14 in Fighting
 27670 | Lair:6   | Found the +18 shield of the Gong {rElec rN+ Will+ EV-5}
 27728 | Lair:6   | Reached skill level 1 in Shields
 27902 | Lair:6   | Identified the +2 shadow dragon scales of Negation {+Inv
                  | rElec rC+ Stlth++++} (Okawaru gifted it to you on level 6
                  | of the Lair of Beasts)
 27902 | Lair:6   | Received a gift from Okawaru
 28624 | Lair:6   | Reached skill level 5 in Shields
 29001 | Spider:1 | Entered Level 1 of the Spider Nest
 29090 | Spider:1 | Reached XP level 16. HP: 82/172 MP: 17/25
 29549 | Spider:1 | Identified the +1 ring mail of Valiance {rC- rN+ rCorr}
 30400 | Arena    | Entered the Arena
 31044 | Spider:1 | Received a gift from Okawaru
 31232 | Elf:1    | Entered Level 1 of the Elven Halls
 31557 | Elf:1    | Identified the +5 quarterstaff of Immorality {speed, rPois
                  | rF+ SInv} (Okawaru gifted it to you on level 1 of the Elven
                  | Halls)
 31557 | Elf:1    | Received a gift from Okawaru
 31736 | Elf:1    | Reached skill level 10 in Shields
 32373 | Elf:1    | Paralysed by an air elemental for 1 turns
 32457 | Elf:1    | Noticed a sphinx
 32470 | Elf:1    | Noticed a sphinx
 32472 | Elf:1    | Identified the +1 hat "Uptill" {Harm rN+ SInv Stlth-}
                  | (Okawaru gifted it to you on level 1 of the Elven Halls)
 32472 | Elf:1    | Received a gift from Okawaru
 32492 | Elf:1    | Noticed a sphinx
 32494 | Elf:1    | Noticed a sphinx
 32499 | Elf:1    | Killed a sphinx
 32943 | Elf:1    | Paralysed by a sphinx for 4 turns
 32948 | Elf:1    | Killed a sphinx
 33282 | Elf:2    | Reached XP level 17. HP: 142/180 MP: 24/26
 33336 | Arena    | Entered the Arena
 33900 | Elf:2    | Found Zul Taok's Weapon Shoppe.
 34411 | Elf:1    | Killed a sphinx
 34411 | Elf:1    | Received a gift from Okawaru
 34495 | Elf:2    | Received a gift from Okawaru
 34513 | Elf:2    | Found a runed translucent gate.
 34752 | Elf:2    | Received a gift from Okawaru
 35185 | Elf:2    | Found a runed translucent gate.
 35185 | Elf:2    | Found a runed translucent gate.
 35261 | Elf:3    | Entered Level 3 of the Elven Halls
 35266 | Elf:2    | Received a gift from Okawaru
 35774 | Elf:3    | Found Duti's Distillery.
 35918 | Elf:3    | Found an ancient bone altar of Kikubaaqudgha.
 35921 | Elf:3    | Noticed Mara
 35933 | Elf:3    | Killed Mara
 36082 | Elf:3    | Identified the +11 ice dragon scales "Farghaguo" {+Inv rF-
                  | rC++} (Okawaru gifted it to you on level 3 of the Elven
                  | Halls)
 36082 | Elf:3    | Received a gift from Okawaru
 36228 | Elf:3    | Noticed a deep elf blademaster
 36228 | Elf:3    | Cast into level 2 of the Abyss (a deep elf demonologist)
 36434 | Abyss:2  | Noticed a tentacled starspawn
 36445 | Abyss:2  | Killed a tentacled starspawn
 36763 | Abyss:2  | Noticed an ancient lich
 36770 | Abyss:2  | Killed an ancient lich
 36907 | Abyss:2  | Noticed a tentacled starspawn
 37124 | Abyss:2  | Noticed a tentacled starspawn
 37126 | Abyss:2  | Killed a tentacled starspawn
 37132 | Elf:3    | Escaped the Abyss
 37133 | Elf:3    | Noticed a Hell Sentinel
 37133 | Arena    | Entered the Arena
 37176 | Elf:2    | Killed a deep elf blademaster
 37734 | Elf:3    | Identified the +2 scimitar of Lyntix {flame, rElec}
 37741 | Elf:3    | Reached skill level 15 in Shields
 37754 | Elf:3    | Reached XP level 18. HP: 113/189 MP: 24/27
 38015 | Elf:3    | Noticed an Ice Fiend
 38016 | Elf:3    | Noticed a Hell Sentinel
 38016 | Elf:3    | Noticed a Tzitzimitl
 38284 | Elf:3    | Noticed a Hell Sentinel
 38709 | Elf:3    | Identified the ring of Thoughtfulness {Contam rElec rF++
                  | rN+ Int+6 Stlth+}
 38709 | Elf:3    | Noticed a deep elf master archer
 38716 | Elf:3    | Killed a deep elf master archer
 39045 | Elf:3    | Noticed a deep elf blademaster
 39046 | Elf:3    | Noticed a deep elf master archer
 39053 | Arena    | Entered the Arena
 39056 | Arena    | Killed a deep elf blademaster
 39070 | Elf:3    | Killed a deep elf master archer
 39501 | Elf:3    | Identified the +9 broad axe of the First Emperors {flame,
                  | Int+6 Dex-2 Stlth+}
 39788 | Elf:2    | Noticed Agnes
 39794 | Arena    | Entered the Arena
 39800 | Arena    | Killed Agnes
 39914 | Orc:2    | Bought a scroll of teleportation for 42 gold pieces
 39914 | Orc:2    | Bought a scroll of blinking for 105 gold pieces
 39914 | Orc:2    | Bought a scroll of fog for 28 gold pieces
 39918 | Orc:2    | Bought a scroll of silence for 105 gold pieces
 40229 | D:9      | Killed Host24's ghost
 40233 | D:9      | Killed ultrashaft's ghost
 40476 | D:12     | Found Libouv's Assorted Antiques.
 40486 | D:12     | Bought a scroll labelled MALOANW QEATWA for 29 gold pieces
 40487 | D:12     | Bought a potion of curing for 87 gold pieces
 40487 | D:12     | Bought a scroll of blinking for 217 gold pieces
 40500 | D:12     | Noticed Jorgrun
 40514 | D:12     | Killed Jorgrun
 40788 | D:12     | Acquired 1197 gold pieces
 41177 | D:13     | Reached skill level 1 in Conjurations
 41356 | D:13     | Received a gift from Okawaru
 41460 | D:13     | Found a gate to the Vaults.
 42211 | D:13     | Reached skill level 10 in Invocations
 42762 | D:13     | Found the +8 frozen axe "Frostbite" {freezing cloud, *Noise
                  | Fly rC+}
 43817 | D:15     | Entered Level 15 of the Dungeon
 43829 | D:14     | Reached skill level 15 in Unarmed Combat
 44977 | D:15     | Found Zuwuza's Distillery.
 44980 | D:15     | Found Lits's Weapon Shoppe.
 45005 | D:15     | Bought a potion of curing for 36 gold pieces
 45005 | D:15     | Bought a potion of might for 48 gold pieces
 45293 | D:15     | Found a staircase to the Depths.
 46028 | Spider:1 | Noticed Rupert
 46040 | Spider:1 | Killed Rupert
 46041 | Spider:1 | Reached XP level 19. HP: 197/197 MP: 22/28
 46233 | Spider:2 | Received a gift from Okawaru
 46938 | Spider:2 | Found a runed translucent door.
 46939 | Spider:2 | Noticed DullName's ghost (adept MiBe)
 46953 | Spider:2 | Killed DullName's ghost
 46962 | Spider:2 | Got Sif Muna's Catalogue of Flight
 47319 | Spider:3 | Identified the +2 robe "Mushrutza" {*Slow rC+ Int+3}
                  | (Okawaru gifted it to you on level 3 of the Spider Nest)
 47319 | Spider:3 | Received a gift from Okawaru
 47670 | Spider:3 | Noticed Donald
 47679 | Spider:3 | Killed Donald
 47697 | Spider:3 | Reached skill level 15 in Fighting
 47941 | Spider:3 | Gained mutation: Armour fits poorly on your strangely
                  | shaped body. [mutagenic glow]
 47950 | Spider:3 | Gained mutation: You have hidden genetic defects.
                  | [mutagenic glow]
 47957 | Spider:3 | Lost mutation: Armour fits poorly on your strangely shaped
                  | body. [potion of mutation]
 47957 | Spider:3 | Lost mutation: You have hidden genetic defects. [potion of
                  | mutation]
 47957 | Spider:3 | Gained mutation: You expend magic power (3 MP) to
                  | strengthen your wands. [potion of mutation]
 47957 | Spider:3 | Gained mutation: You are resistant to electric shocks.
                  | (rElec) [potion of mutation]
 47957 | Spider:3 | Gained mutation: You are somewhat resistant to further
                  | mutation. [potion of mutation]
 48253 | Spider:4 | Entered Level 4 of the Spider Nest
 48372 | Spider:4 | Noticed Arachne
 48406 | Spider:3 | Killed Arachne
 48983 | Spider:3 | Reached skill level 16 in Fighting
 49578 | Arena    | Entered the Arena
 49940 | Spider:4 | Reached skill level 17 in Fighting
 49971 | Spider:4 | Noticed Roxanne
 49987 | Spider:4 | Killed Roxanne
 50149 | Arena    | Entered the Arena
 50711 | Spider:4 | HP: 10/271 [jorogumo (8)]
 50711 | Spider:4 | Mangled by an emperor scorpion

Illustrated notes

Levels and vault maps discovered:
D:1:      dpeg_arrival_caged_fury, layout_basic
D:2:      layout_loops_ring, hellmonk_ecumenical_altar_blasted,
          uniq_crazy_yiuf_cottage, uniq_sigmund
D:3:      layout_basic, grunt_ashenzari_visionary
          [grunt_ashenzari_visionary_shoals, grunt_ashenzari_visionary_spider],
          uniq_terence
D:4:      nicolae_cairo_tiling_very_big, layout_loops_ring,
          mainiacjoe_overflow_paths, minmay_temple_entry_hall,
          cheibrodos_gnoll_hut, uniq_eustachio
D:5:      layout_cave_pools, jmf_multi_god_temple, kennysheep_generic_room_13,
          uniq_ijyb
D:6:      lemuel_ice_spiral_2, layout_basic
D:7:      layout_basic, mainiacjoe_overflow_tiny_flanked,
          mainiacjoe_overflow_24_doors, elyvilon_altar_5, old_standard_altar,
          mainiacjoe_overflow_catwalk_spiral, minmay_misc_feat_square,
          kennysheep_generic_room_9
D:8:      layout_loops_cross, lemuel_round_altar, mainiacjoe_overflow_alcove_4,
          minmay_lair_entry_grove
D:9:      layout_roguey, david_orc_4, gammafunk_ghost_cemetery
D:10:     layout_roguey, minmay_misc_feat_encased, minmay_orc_keep, uniq_joseph,
          uniq_erica, uniq_gastronok
D:11:     nicolae_BIG_FREAKIN_CUBE, layout_basic, corexii_checkpoint_b,
          minmay_protected_statue
D:12:     layout_cave_pools, serial_shops, shop, nicolae_figureground_sparkle,
          uniq_jorgrun
D:13:     layout_stronghold, ximxim_vaults_locker_room,
          hellmonk_guarded_unrand_frostbite
D:14:     layout_irregular_city
D:15:     hangedman_depths_entry_try_elsewhere_first, layout_rooms,
          corexii_hall_statues_t, nicolae_wooded_promenade
Temple:   cyrus_temple_forest
Lair:1:   gammafunk_indiana_jones, layout_small_grid, nzn_ghost_randoct
Lair:2:   layout_chaotic_city, minmay_shoals_entry_hut, spider_nest_entry_a,
          serial_forest, infiniplex_forest_clump_long, infiniplex_forest_pool,
          infiniplex_forest_end_2, infiniplex_forest_clump_small,
          grunt_megastairs_2
Lair:3:   layout_loops_ring, beast_lair_carwin_3, serial_bayou_shore_a
Lair:4:   layout_regular_city, portal_ice_cave_demonic_guard,
          grunt_forest_stairs_basic, ice2_lemuel
Lair:5:   beast_lair_carwin_large_1, layout_misc_corridors,
          dpeg_slime_entry_corner, minivault_25, minmay_lair_oklob_bushes
Lair:6:   grunt_lair_end_beastmaster, layout_loops_ring, minivault_25,
          serial_bayou_shore_b
Spider:1: nicolae_spider_mines_3, uniq_rupert
Spider:2: layout_spider_delve, ebering_ghost_reflecting_pool
Spider:3: layout_cave_pods, special_room [special_room_bee], uniq_donald
Spider:4: hellmonk_spider_rune_endless_swarm, uniq_roxanne, uniq_arachne
Orc:1:    layout_diamond_mine, nicolae_orc_damp_corner, uniq_harold
Orc:2:    kennysheep_orc_mage_school, layout_caves, serial_shops, shop,
          nicolae_lakefront_shop, nicolae_shop_bloodbath_and_beyond,
          guppyfry_orc_lava_fort
Elf:1:    minmay_elf_arrival_summoners, layout_gridlike, special_room
          [special_room_mythical_zoo], hangedman_elven_crosses_minicolossus
Elf:2:    nicolae_elf_blades_crystal_corner, layout_loops_corners, serial_shops,
          nicolae_shop_statue_plus, uniq_agnes
Elf:3:    grunt_elf_hall_asides, layout_rooms, mu_enter_wizlab_5, serial_shops,
          shop, basic_altar, uniq_mara

Skill      XL: |  1  2  3  4  5  6  7  8  9 10 11 12 13 14 15 16 17 18 19 |
---------------+----------------------------------------------------------+-----
Transmutations | 2 3 4 5 6 7 8 9 10 12 | 12.2
Poison Magic   | 1 |  1.1
Unarmed Combat | 3 4 6 9 10 11 12 13 15 16 | 16.0
Fighting       | 2 3 5 7 9 10 12 13 14 17 | 17.0
Spellcasting   | 4 5 6 |  6.0
Ice Magic      | 3 4 |  4.0
Invocations    | 1 2 5 6 7 9 10 | 10.2
Dodging        | 4 5 7 9 |  9.0
Throwing       | 2 5 6 9 |  9.4
Evocations     | 3 |  3.0
Earth Magic    | 6 7 8 |  8.4
Shields        | 6 11 15 | 15.0
Conjurations   | 2 |  2.1

Action                   |  1- 3 |  4- 6 |  7- 9 | 10-12 | 13-15 | 16-18 | 19-21 || total
-------------------------+-------+-------+-------+-------+-------+-------+-------++-------
Melee: Unarmed           |   100 |   118 |   306 |   462 |  1042 |  1032 |   484 ||  3544
       Kick              |    13 |     4 |    10 |     1 |       |       |       ||    28
       Headbutt          |     8 |     6 |     5 |     1 |       |       |       ||    20
       Punch             |     2 |     1 |     1 |     3 |    28 |    65 |       ||   100
Throw: Dart              |       |       |       |     3 |       |       |       ||     3
       Large rock        |       |       |       |     8 |     4 |    60 |    29 ||   101
       Javelin           |       |       |       |       |    11 |       |     1 ||    12
 Cast: Beastly Appendage |    22 |     6 |     5 |     1 |       |       |       ||    34
       Spider Form       |     1 |     7 |     8 |     2 |    10 |       |       ||    28
       Ice Form          |       |       |    28 |    47 |    76 |     5 |       ||   156
       Statue Form       |       |       |       |       |    19 |   111 |    33 ||   163
Invok: Heroism           |       |       |       |     6 |     7 |     7 |     1 ||    21
       Finesse           |       |       |       |     1 |     2 |     1 |       ||     4
       Duel              |       |       |       |       |       |     5 |     2 ||     7
Evoke: Wand              |       |       |       |     2 |    15 |    11 |       ||    28
  Use: Potion            |       |     2 |       |     3 |     6 |    10 |     6 ||    27
       Scroll            |       |       |     6 |     6 |    12 |    15 |     2 ||    41
 Stab: Sleeping          |       |       |       |     2 |     4 |     5 |       ||    11
       Paralysed         |       |       |       |     1 |       |       |       ||     1
       Petrified         |       |       |       |       |     8 |       |       ||     8
Armor: Robe              |    39 |    16 |     7 |     7 |    17 |    18 |     2 ||   106
       Skin              |     1 |     2 |    38 |    93 |   453 |   751 |   417 ||  1755
Dodge: Dodged            |    38 |    65 |   155 |   228 |   757 |   843 |   350 ||  2436
Block: Tower shield      |       |       |       |       |       |   765 |   788 ||  1553
